 Dungeon Crawl Stone Soup version 0.28.0-47-ge53b351184 (webtiles) character file.

Game seed: 4238212157861274655

2255 Kangaroobicon the Covert (level 9, -5/69 HPs)
             Began as a Gnoll Brigand on Apr 27, 2022.
             Slain by a kobold
             ... wielding a +1 whip of chaos
              (17 damage)
             ... on level 6 of the Dungeon.
             The game lasted 00:58:37 (6628 turns).

Kangaroobicon the Covert (Gnoll Brigand)            Turns: 6628, Time: 00:58:37

Health: -5/69      AC:  5    Str: 14    XL:     9   Next: 37%
Magic:  7/15       EV: 12    Int: 11    God:
Gold:   285        SH:  9    Dex: 14    Spells: 14/16 levels left

rFire   . . .      SeeInvis .   i - +2 dagger (drain)
rCold   + . .      Faith    .   g - +0 kite shield
rNeg    . . .      Spirit   .   b - +0 robe
rPois   .          Reflect  .   e - +1 hat
rElec   .          Harm     .   c - +1 cloak
rCorr   .          Rampage  .   (no gloves)
Will    .....                   (no boots)
Stlth   ++++......              (no amulet)
HPRegen 0.21/turn               p - ring of protection from cold
MPRegen 0.14/turn               (no ring)

@: mighty, lethally poisoned (-5 -> -13), hasted, very quick
A: fangs 1, strong nose, distributed training
a: no special abilities


You were on level 6 of the Dungeon.
You visited 1 branch of the dungeon, and saw 6 of its levels.

You collected 285 gold pieces.

Inventory:

Hand Weapons
 i - a +2 dagger of draining (weapon)
 m - a +0 shortbow
 w - a +4 flail of holy wrath
Missiles
 j - 68 arrows
 o - 127 stones
 v - 6 poisoned darts (quivered)
 x - 3 boomerangs
Armour
 b - a +0 robe (worn)
 c - a +1 cloak (worn)
 e - a +1 hat (worn)
 g - a +0 kite shield (worn)
Magical Staves
 n - a staff of air
Jewellery
 p - a ring of protection from cold (left hand)
Scrolls
 a - a scroll of summoning {unknown}
 d - a scroll of fear {unknown}
 f - a scroll of enchant weapon {unknown}
 h - a scroll of enchant armour
 k - a scroll of identify
 s - a scroll of vulnerability {unknown}
 u - a scroll of immolation {unknown}
Potions
 l - 3 potions of cancellation
 q - a potion of flight {unknown}
 r - 2 potions of haste
 t - 2 potions of attraction


   Skills:
 + Level 6.3 Fighting
 + Level 6.3 Short Blades
 + Level 4.2 Long Blades
 + Level 4.2 Axes
 + Level 4.2 Maces & Flails
 + Level 4.2 Polearms
 + Level 4.2 Staves
 + Level 4.2 Slings
 + Level 4.2 Bows
 + Level 4.2 Crossbows
 + Level 6.3 Throwing
 + Level 4.2 Armour
 + Level 5.0 Dodging
 + Level 8.9 Stealth
 + Level 4.2 Shields
 + Level 4.2 Unarmed Combat
 + Level 4.2 Spellcasting
 + Level 3.4 Conjurations
 + Level 3.4 Hexes
 + Level 3.4 Summonings
 + Level 3.4 Necromancy
 + Level 3.4 Translocations
 + Level 3.4 Transmutations
 + Level 3.4 Fire Magic
 + Level 3.4 Ice Magic
 + Level 3.4 Air Magic
 + Level 3.4 Earth Magic
 + Level 3.4 Poison Magic
 + Level 4.6 Invocations
 + Level 4.2 Evocations


You had 14 spell levels left.
You knew the following spells:

 Your Spells              Type           Power      Damage    Failure   Level
a - Wereblood             Tmut           9%         N/A       24%         2

Your spell library contained the following spells:

 Spells                   Type           Power      Damage    Failure   Level
 Ensorcelled Hibernation  Hex/Ice        18%        N/A       24%         2
 Sublimation of Blood     Necr           9%         N/A       24%         2
 Spider Form              Tmut/Pois      9%         N/A       43%         3
 Anguish                  Hex/Necr       4%         N/A       85%         4
 Summon Hydra             Summ           4%         N/A       100%        7


Dungeon Overview and Level Annotations

Branches:
Dungeon (6/15)
 Temple: D:4-7

Altars:
Cheibriados
Xom


Innate Abilities, Weirdness & Mutations

You have very sharp teeth.
Your uncanny sense of smell can sniff out nearby items.
Your experience applies equally to all skills.


Message History

The kobold brigand is severely wounded.
You block the kobold brigand's attack. The kobold brigand closely misses you.
The kobold hits you with a +1 whip of chaos.
You are electrocuted!
You hit the kobold brigand but do no damage.
You bite the kobold brigand, but do no damage.
The kobold brigand is severely wounded.
You block the kobold brigand's attack. x2; You block the kobold's attack.
You hit the kobold brigand. You drain the kobold brigand.
You kill the kobold brigand!
You block the kobold brigand's attack. You block the kobold's attack.
Your Dodging skill increases to level 5!
You hit the kobold.
The kobold is moderately wounded.
The kobold brigand misses you. You block the kobold's attack.
The kobold barely misses you. You block the kobold's attack. x2
The kobold brigand closely misses you.
The kobold hits you with a +1 whip of chaos.
There is a large open translucent door, spattered with blood here.
Things that are here:
a +0 rapier of chaos; 6 poisoned darts; a kobold corpse You miss the kobold.
The kobold hits you but does no damage. You block the kobold's attack.
The kobold hits you with a +2 short sword of chaos.
You are poisoned.
The kobold brigand hits you with a +4 rapier of chaos.
You feel very mighty all of a sudden. You block the kobold's attack.
You hit the kobold.
You kill the kobold!
You feel very sick. The kobold closely misses you.
The kobold hits you with a +2 short sword of chaos.
* * * LOW HITPOINT WARNING * * *
The kobold brigand hits you but does no damage.
You feel yourself speed up.
You feel sick.
The kobold hits you with a +1 whip of chaos.
* * * LOW HITPOINT WARNING * * *
Space warps horribly around you!
You die...

.<.......#..PP..................#
......####........# ##...........
......# ##.......####.........##
.#....## #............#.......#
##.....####.......#######.....##
##.#.....####....## .# ##.....#
.#.#.............# .## #.#..##
...#....#......K###...# #####.#
...#..######....@K....# #.###.#
##..#.#.#.##...KK).§_§§#§§(#[.#
....#.#.........##.§§§§§§§K#.†#
..........)......##§§.§#K.K#.##
#.###............# §§.###.####
#..#...♣P.......## ### ##
....#..♣....#.###
...........#############
...>...[......##...##..#


You could see a kobold brigand and 3 kobolds.

Vanquished Creatures
  Sigmund (D:2)
  Edmund (D:6)
  A water moccasin (D:6)
  A black bear (D:6)
  An ice beast (D:6)
  A necrophage (D:6)
  A sky beast (D:5)
  7 ogres
  A centaur (D:6)
  A kobold brigand (D:6)
  A water moccasin zombie (D:6)
  A water moccasin skeleton (D:4)
  A wyvern skeleton (D:6)
  2 howler monkeys
  A bullfrog zombie (D:5)
  4 hounds
  A jelly (D:6)
  An orc priest (D:5)
  3 bullfrog skeletons
  A centaur skeleton (D:5)
  Jessica (D:2)
  An iguana (D:5)
  An orc wizard (D:4)
  7 adders
  A white imp (D:6)
  A worm (D:3)
  2 dart slugs
  9 orcs
  9 ball pythons
  8 endoplasms
  4 giant cockroaches
  2 goblins
  5 hobgoblins
  2 jackals (D:4)
  4 quokkas
  4 bats
  6 frilled lizards
  6 kobolds
  3 rats
108 creatures vanquished.

Vanquished Creatures (others)
  2 plants (D:6)
2 creatures vanquished.

Grand Total: 110 creatures vanquished

Notes
Turn   | Place    | Note
-------+----------+-------------------------------------------
     0 | D:1      | Kangaroobicon the Gnoll Brigand began the quest for the
                  | Orb.
     0 | D:1      | Reached XP level 1. HP: 20/20 MP: 1/1
   747 | D:1      | Reached XP level 2. HP: 26/26 MP: 2/2
  1007 | D:2      | Noticed Sigmund
  1017 | D:2      | Killed Sigmund
  1018 | D:2      | Reached skill level 1 in Long Blades
  1018 | D:2      | Reached skill level 1 in Axes
  1018 | D:2      | Reached skill level 1 in Maces & Flails
  1018 | D:2      | Reached skill level 1 in Polearms
  1018 | D:2      | Reached skill level 1 in Staves
  1018 | D:2      | Reached skill level 1 in Slings
  1018 | D:2      | Reached skill level 1 in Bows
  1018 | D:2      | Reached skill level 1 in Crossbows
  1018 | D:2      | Reached skill level 1 in Armour
  1018 | D:2      | Reached skill level 1 in Shields
  1018 | D:2      | Reached skill level 1 in Unarmed Combat
  1018 | D:2      | Reached skill level 1 in Spellcasting
  1018 | D:2      | Reached skill level 1 in Conjurations
  1018 | D:2      | Reached skill level 1 in Hexes
  1018 | D:2      | Reached skill level 1 in Summonings
  1018 | D:2      | Reached skill level 1 in Necromancy
  1018 | D:2      | Reached skill level 1 in Translocations
  1018 | D:2      | Reached skill level 1 in Transmutations
  1018 | D:2      | Reached skill level 1 in Fire Magic
  1018 | D:2      | Reached skill level 1 in Ice Magic
  1018 | D:2      | Reached skill level 1 in Air Magic
  1018 | D:2      | Reached skill level 1 in Earth Magic
  1018 | D:2      | Reached skill level 1 in Poison Magic
  1018 | D:2      | Reached skill level 1 in Invocations
  1018 | D:2      | Reached skill level 1 in Evocations
  1018 | D:2      | Reached XP level 3. HP: 21/32 MP: 2/5
  1018 | D:2      | Reached XP level 4. HP: 25/38 MP: 2/6
  1018 | D:2      | Reached XP level 5. HP: 28/43 MP: 2/7
  1062 | D:2      | Noticed Jessica
  1085 | D:2      | Killed Jessica
  1830 | D:3      | Reached skill level 8 in Stealth
  2203 | D:3      | Found a snail-covered altar of Cheibriados.
  2258 | D:3      | Reached XP level 6. HP: 50/50 MP: 8/8
  2833 | D:4      | Learned a level 2 spell: Wereblood
  2920 | D:4      | Reached skill level 5 in Fighting
  2920 | D:4      | Reached skill level 5 in Short Blades
  2920 | D:4      | Reached skill level 5 in Throwing
  2952 | D:4      | Reached XP level 7. HP: 18/56 MP: 10/10
  3559 | D:5      | Entered Level 5 of the Dungeon
  3798 | D:5      | Reached XP level 8. HP: 21/63 MP: 12/12
  5685 | D:6      | Reached XP level 9. HP: 66/69 MP: 14/14
  5763 | D:6      | Noticed Edmund
  5805 | D:6      | Killed Edmund
  6137 | D:6      | Found a large runed translucent door.
  6138 | D:6      | Found a large runed translucent door.
  6290 | D:6      | Found a shimmering altar of Xom.
  6624 | D:6      | Reached skill level 5 in Dodging
  6628 | D:6      | Slain by a kobold

Illustrated notes

Levels and vault maps discovered:
D:1:      amcnicky_arrival_blooded_trapdoor, layout_loops_corners,
          kennysheep_doodads
D:2:      layout_basic, minmay_splitting_lines, kennysheep_boxes, uniq_sigmund,
          uniq_jessica
D:3:      minmay_diamond_boxcup, layout_loops_corners, kennysheep_slug_shrine,
          minmay_shallow_snake_nest
D:4:      layout_basic
D:5:      layout_gridville, hangedman_decor_push
D:6:      due_chaos_kobolds, layout_cave_pools, serial_park, serial_park_tiny_1,
          serial_park_tiny_1, serial_park_tiny_1, serial_park_square3
          [serial_park_minivault_5x5_5], kennysheep_small_spiral, uniq_edmund

Skill      XL: |  1  2  3  4  5  6  7  8  9 |
---------------+----------------------------+-----
Long Blades    | 1 2 3 4 |  4.2
Axes           | 1 2 3 4 |  4.2
Maces & Flails | 1 2 3 4 |  4.2
Polearms       | 1 2 3 4 |  4.2
Staves         | 1 2 3 4 |  4.2
Slings         | 1 2 3 4 |  4.2
Bows           | 1 2 3 4 |  4.2
Crossbows      | 1 2 3 4 |  4.2
Armour         | 1 2 3 4 |  4.2
Dodging        | 3 4 5 |  5.0
Shields        | 1 2 3 4 |  4.2
Unarmed Combat | 1 2 3 4 |  4.2
Spellcasting   | 1 2 3 4 |  4.2
Conjurations   | 1 2 3 |  3.4
Hexes          | 1 2 3 |  3.4
Summonings     | 1 2 3 |  3.4
Necromancy     | 1 2 3 |  3.4
Translocations | 1 2 3 |  3.4
Transmutations | 1 2 3 |  3.4
Fire Magic     | 1 2 3 |  3.4
Ice Magic      | 1 2 3 |  3.4
Air Magic      | 1 2 3 |  3.4
Earth Magic    | 1 2 3 |  3.4
Poison Magic   | 1 2 3 |  3.4
Invocations    | 1 2 3 4 |  4.6
Evocations     | 1 2 3 4 |  4.2
Stealth        | 8 |  8.9
Fighting       | 5 6 |  6.3
Short Blades   | 5 6 |  6.3
Throwing       | 5 6 |  6.3

Action                   |  1- 3 |  4- 6 |  7- 9 || total
-------------------------+-------+-------+-------++-------
Melee: Dagger            |    31 |   103 |   311 ||   445
       Bite              |     2 |     9 |    42 ||    53
       Punch             |       |       |     2 ||     2
Throw: Dart              |     3 |    20 |    28 ||    51
       Boomerang         |       |       |     4 ||     4
  Use: Scroll            |       |     2 |     6 ||     8
       Potion            |       |       |     3 ||     3
 Stab: Sleeping          |     4 |    17 |     6 ||    27
       Distracted        |       |       |     1 ||     1
Armor: Robe              |     8 |    11 |    56 ||    75
Dodge: Dodged            |    10 |    40 |   117 ||   167
Block: Kite shield       |       |       |   100 ||   100
